 Dungeon Crawl Stone Soup version 0.31.0-32-g396128a36d (webtiles) character file.

Game seed: 6670738317360078470

3479 TacoSundae the Grappler (level 9, -8/63 HPs)
             Began as a Demonspawn Fighter on Apr 7, 2024.
             Was an Initiate of Makhleb.
             Shot with a sling bullet by Joseph (9 damage)
             ... on level 7 of the Dungeon.
             The game lasted 00:28:04 (7509 turns).

TacoSundae the Grappler (Demonspawn Fighter)        Turns: 7509, Time: 00:28:04

Health: -8/63      AC:  9    Str: 19    XL:     9   Next: 79%
Magic:  9/9        EV: 11    Int:  9    God:    Makhleb [......]
Gold:   422        SH:  5    Dex: 14    Spells: 8/8 levels left

rFire   + .          .
                       - Unarmed
rCold   . . .        (no shield)
rNeg    . . .        q - +2 leather armour {Will+}
rPois   .            i - melded +1 helmet
rElec   .            (cloak currently unavailable)
rCorr   +            (gloves currently unavailable)
SInv    .            (boots currently unavailable)
Will    +....        e - amulet of reflection
Stlth   +            h - ring of flight
HPRegen 0.30/turn    u - ring of resist corrosion
MPRegen 0.22/turn

%: reflection
@: beast-form, flying
A: beast (slay +3), molten scales 3, magic regeneration, demonic touch 1, wild
magic 1
a: Begin Untransformation, Renounce Religion


You were on level 7 of the Dungeon.
You worshipped Makhleb.
Makhleb was noncommittal.
You were a hulking beast.
You visited 2 branches of the dungeon, and saw 8 of its levels.
You also visited: Sewer.

You collected 478 gold pieces.
You spent 56 gold pieces at shops.

Inventory:

Hand Weapons
 o - a +2 whip of electrocution
Missiles
 m - a curare-tipped dart
 n - 9 poisoned darts (quivered)
Armour
 c - a +0 cloak
 i - a +1 helmet (melded)
 q - a +2 leather armour of willpower (worn)
Jewellery
 e - an amulet of reflection (around neck)
 h - a ring of flight (left hand)
 s - a ring of ice
 u - a ring of resist corrosion (right hand)
Talismans
 x - a beast talisman (active)
Wands
 b - a wand of roots (5)
 k - a wand of mindburst (16)
 t - a wand of digging (4)
Scrolls
 a - a scroll of enchant armour
 d - 3 scrolls of identify
 r - a scroll of revelation
 w - a scroll of amnesia
Potions
 f - 2 potions of attraction
 g - a potion of ambrosia
 j - 2 potions of cancellation
 p - 2 potions of enlightenment


   Skills:
 - Level 3.0 Fighting
 - Level 2.5 Long Blades
 - Level 2.6 Armour
 - Level 2.6 Shields
 * Level 10.9 Unarmed Combat
 + Level 5.7 Shapeshifting


You had 8 spell levels left.
You didn't know any spells.
Your spell library contained the following spells:

 Spells                   Type           Power      Damage    Failure   Level
 Apportation              Tloc           0%         N/A       52%         1
 Necrotise                Necr           0%         1d4       52%         1
 Slow                     Hex            0%         N/A       52%         1
 Sting                    Conj/Alch      0%         1d3       52%         1
 Summon Small Mammal      Summ           0%         N/A       52%         1
 Call Imp                 Summ           0%         N/A       67%         2
 Sublimation of Blood     Necr           0%         N/A       67%         2
 Confusing Touch          Hex            0%         N/A       87%         3
 Sigil of Binding         Hex            0%         N/A       87%         3
 Vampiric Draining        Necr           0%         2d6       87%         3
 Martyr's Knell           Necr/Summ      0%         N/A       99%         4
 Curse of Agony           Necr           0%         N/A       100%        5
 Summon Hydra             Summ           0%         N/A       100%        7


Dungeon Overview and Level Annotations

Branches:
Dungeon (7/15)             Temple (1/1) D:6           Sewer (visited)

Altars:
Ashenzari
Cheibriados
Gozag
Hepliaklqana
Kikubaaqudgha
Makhleb
Okawaru
Qazlal
Sif Muna
Trog
Uskayaw
Wu Jian
Xom
Yredelemnul

Shops:
D:5 [*((?

Annotations:
D:7 Joseph


Innate Abilities, Weirdness & Mutations

You are a hulking beast.
Your limbs bulge with bestial killing power. (Slay +3)
You are completely covered in molten scales. (AC +4, rF+)
You regenerate magic rapidly.
Your touch may inflict minor irresistible damage on your foes.
Your spells are a little harder to cast, but a little more powerful.


Message History

The orc is heavily wounded.
The orc hits you with a +0 club.
You punch the orc!
You kill the orc!
Makhleb accepts your kill.
Joseph, a Mercenary comes into view.
He is wielding a +0 antimagic quarterstaff.
Joseph shouts!
You hear a shout!
The orc priest invokes the aid of Beogh against you.
Beogh smites you!
Joseph unwields a +0 antimagic quarterstaff.
Joseph wields a +0 sling.
Joseph shoots a sling bullet.
The sling bullet hits you.
Things that are here:
a +0 club; a +0 mace; an orc corpse The orc priest invokes the aid of Beogh against you.
Beogh smites you!
* * * LOW HITPOINT WARNING * * *
You hit the orc priest.
The orc priest is lightly wounded.
The orc priest calls down the wrath of Beogh upon you.
Beogh smites you!
* * * LOW HITPOINT WARNING * * *
Unknown command.
You punch the orc priest!
You touch the orc priest.
You kill the orc priest!
Makhleb accepts your kill.
Joseph shoots a sling bullet.
You block the sling bullet with an invisible shield... and reflect it back!
The sling bullet hits Joseph!
You hear a shout!
Okay, then.
Okay, then.
Okay, then.
Okay, then.
Okay, then.
Okay, then.
You feel extremely strange.
You feel less in control of your magic.
Joseph shoots a sling bullet.
The sling bullet hits you!
You die...

#.# ... ....
#.... .....
#...... .....#
....... ......#
##.......
.......##
#.........
#..###..........
###h)#...........
###@............
##.............
#..............
#..............
#..............
#..............
##.............
#.............


You could see Joseph.

Vanquished Creatures
  Maurice (D:7)
  Jeremiah (D:6)
  Eustachio (D:5)
  A steam dragon (D:6)
  A water moccasin (D:5)
  An orc warrior (D:6)
  An ice beast (D:6)
  2 black bears
  2 ogres
  A phantom (D:5)
  2 kobold brigands
  4 bullfrogs
  6 scorpions
  2 gnoll sergeants
  A bombardier beetle (D:4)
  2 hounds
  8 orc priests
  A jelly (D:7)
  Jessica (D:3)
  3 iguanas
  6 orc wizards
  5 gnolls (D:6)
  14 adders
  A river rat (D:3)
  A white imp (D:5)
  2 ufetubi (D:4)
  9 dart slugs
  A ribbon worm (D:3)
  21 orcs
  16 endoplasms
  11 giant cockroaches
  8 goblins
  8 hobgoblins
  A jackal (D:3)
  20 kobolds
  4 quokkas
  16 ball pythons
  16 bats
  12 frilled lizards
  7 rats
221 creatures vanquished.

Vanquished Creatures (collateral kills)
  An adder (D:4)
1 creature vanquished.

Grand Total: 222 creatures vanquished

Notes
Turn   | Place    | Note
-------+----------+-------------------------------------------
     0 | D:1      | TacoSundae the Demonspawn Fighter began the quest for the
                  | Orb.
     0 | D:1      | Reached XP level 1. HP: 18/18 MP: 1/1
   165 | D:1      | Gained mutation: Your touch may inflict minor irresistible
                  | damage on your foes. [demonic ancestry]
   165 | D:1      | Reached XP level 2. HP: 24/24 MP: 2/2
   345 | D:1      | Reached skill level 1 in Unarmed Combat
   856 | D:1      | Gained mutation: You are partially covered in molten
                  | scales. (AC +2) [demonic ancestry]
   856 | D:1      | Reached XP level 3. HP: 29/29 MP: 3/3
   987 | D:2      | Found a snail-covered altar of Cheibriados.
  1136 | D:2      | Reached skill level 2 in Unarmed Combat
  1762 | D:3      | Found an opulent altar of Gozag.
  1884 | D:3      | Gained mutation: You are mostly covered in molten scales.
                  | (AC +3) [demonic ancestry]
  1884 | D:3      | Reached XP level 4. HP: 35/35 MP: 4/4
  1997 | D:3      | Reached skill level 3 in Unarmed Combat
  2027 | D:3      | Found a glowing drain.
  2036 | Sewer    | Entered a sewer
  2138 | Sewer    | Gained mutation: You are completely covered in molten
                  | scales. (AC +4, rF+) [demonic ancestry]
  2138 | Sewer    | Reached XP level 5. HP: 40/41 MP: 5/5
  2191 | Sewer    | Reached skill level 4 in Unarmed Combat
  2523 | Sewer    | Reached skill level 5 in Unarmed Combat
  2523 | Sewer    | Reached XP level 6. HP: 44/47 MP: 6/6
  2627 | D:3      | Found an ancient bone altar of Kikubaaqudgha.
  2804 | D:3      | Found an ornate altar of the Wu Jian Council.
  2870 | D:3      | Noticed Jessica
  2875 | D:3      | Killed Jessica
  2913 | D:3      | Reached skill level 6 in Unarmed Combat
  3108 | D:4      | Found an iron altar of Okawaru.
  3261 | D:4      | Found a snail-covered altar of Cheibriados.
  3268 | D:4      | Reached XP level 7. HP: 52/52 MP: 7/7
  3364 | D:4      | Reached skill level 1 in Shapeshifting
  4097 | D:5      | Entered Level 5 of the Dungeon
  4125 | D:5      | Reached skill level 7 in Unarmed Combat
  4420 | D:5      | Found Famoashre's Antique Armour Emporium.
  4466 | D:5      | Reached XP level 8. HP: 44/58 MP: 8/8
  5068 | D:5      | Reached skill level 8 in Unarmed Combat
  5215 | D:5      | Noticed Eustachio
  5220 | D:5      | Found Xobaeh's Weapon Boutique.
  5324 | D:5      | Killed Eustachio
  5359 | D:5      | Found Nuipn's Magic Scroll Boutique.
  5359 | D:5      | Found Efupeq's General Store.
  5362 | D:5      | Found Qiat's Antique Weapon Boutique.
  5374 | D:5      | Bought a scroll of identify for 28 gold pieces
  5374 | D:5      | Bought a scroll of identify for 28 gold pieces
  5673 | D:6      | Noticed Jeremiah
  5679 | D:6      | Reached skill level 9 in Unarmed Combat
  5709 | D:6      | Killed Jeremiah
  5710 | D:6      | Gained mutation: You regenerate magic rapidly. [demonic
                  | ancestry]
  5710 | D:6      | Reached XP level 9. HP: 30/63 MP: 9/9
  6295 | D:6      | Reached skill level 10 in Unarmed Combat
  6421 | D:6      | Reached skill level 5 in Shapeshifting
  6445 | D:6      | Found a staircase to the Ecumenical Temple.
  6555 | Temple   | Entered the Ecumenical Temple
  6568 | Temple   | Became a worshipper of Makhleb the Destroyer
  6791 | D:7      | Noticed Maurice
  6798 | D:7      | Maurice stole a ring of ice
  6800 | D:7      | Maurice stole a beast talisman
  6803 | D:7      | Maurice stole 221 gold
  6805 | D:7      | Something stole a +2 whip of electrocution
  6806 | D:7      | Something stole a +0 buckler
  6808 | D:7      | Something stole 9 poisoned darts
  6988 | D:7      | Maurice stole 183 gold
  6990 | D:7      | Killed Maurice
  7502 | D:7      | Noticed Joseph
  7507 | D:7      | HP: 1/63 [orc priest/divine providence (11)]
  7509 | D:7      | Gained mutation: Your spells are a little harder to cast,
                  | but a little more powerful. [potion of mutation]
  7509 | D:7      | Shot with a sling bullet by Joseph

Illustrated notes

Levels and vault maps discovered:
D:1:      minmay_arrival_plants_in_alcoves, layout_basic
D:2:      layout_basic, basic_altar, nicolae_hexahallways
D:3:      layout_basic, marbit_many_paths, nicolae_wu_jian_immortal_techniques,
          mainiacjoe_overflow_alcove_2, portal_sewer_entry_e, minmay_cupped,
          uniq_jessica
D:4:      minmay_chambers_of_twos, layout_basic,
          mainiacjoe_overflow_large_starburst
D:5:      layout_cave_pools, serial_shops, shop, roderic_batcave,
          minmay_shop_grid_forest, kennysheep_generic_room_16, uniq_eustachio
D:6:      layout_basic, minmay_temple_entry_glassed_door, uniq_jeremiah
D:7:      layout_cave_pods, uniq_joseph, uniq_maurice, uniq_crazy_yiuf_cottage
Temple:   hellmonk_temple_beads

Skill      XL: |  1  2  3  4  5  6  7  8  9 |
---------------+----------------------------+-----
Long Blades    | 2 |  2.5
Unarmed Combat | 1 2 3 5 6 7 9 10 | 10.9
Shapeshifting  | 2 4 5 |  5.7
Fighting       | |  3.0
Armour         | |  2.6
Shields        | |  2.6

Action                     |  1- 3 |  4- 6 |  7- 9 || total
---------------------------+-------+-------+-------++-------
  Melee: Long sword        |    85 |       |       ||    85
         Whip              |    46 |   214 |   171 ||   431
         Touch             |       |       |    45 ||    45
         Punch             |       |       |    13 ||    13
         Unarmed           |       |       |   204 ||   204
  Throw: Dart              |       |       |     6 ||     6
Ability: Begin Untransform |       |     1 |       ||     1
  Evoke: Wand              |       |       |     4 ||     4
    Use: Scroll            |     4 |     2 |    15 ||    21
         Potion            |       |       |     6 ||     6
   Stab: Sleeping          |       |       |     3 ||     3
 Armour: Scale mail        |    89 |    89 |       ||   178
         Leather armour    |       |    24 |   264 ||   288
  Dodge: Dodged            |    64 |    86 |   190 ||   340
  Block: Buckler           |    32 |   115 |    44 ||   191
         Reflection        |       |     2 |     8 ||    10
         Other             |       |       |    64 ||    64
   Form: Beast             |       |     1 |     1 ||     2
